 Dungeon Crawl Stone Soup version 0.17.1-1-g73c8601 (console) character file.

21372 Kloppie the Warrior (level 12, 0/183 HPs)
             Began as a Minotaur Berserker on Dec 21, 2015.
             Was a High Priest of Trog.
             Succumbed to a killer bee's poison
             ... on level 9 of the Dungeon.
             The game lasted 00:16:19 (7301 turns).

Kloppie the Warrior (Minotaur Berserker)            Turns: 7301, Time: 00:16:19

Health: 0/183      AC: 17    Str: 27    XL:     12   Next: 53%
Magic:  10/11      EV: 13    Int:  6    God:    Trog [*****.]
Gold:   465        SH:  0    Dex: 13    Spells: 0 memorised, 11 levels left

rFire  . . .     SeeInvis .     b - +0 scimitar (flame)
rCold  . . .     Clarity  .     f - +0 plate armour
rNeg   . . .     SustAt   .     (no shield)
rPois  .         Gourm    .     (helmet restricted)
rElec  .         Spirit   .     h - +0 cloak
rCorr  .         Warding  .     G - +0 pair of gloves
rMut   +         Stasis   .     (no boots)
MR     ++...                    l - amulet of resist mutation
Stlth  ..........               (no ring)
                                k - +5 ring of evasion

@: berserking (expiring), lethally poisoned (0 -> -1), regenerating, very quick,
very resistant to hostile enchantments, extremely unstealthy
A: retaliatory headbutt, horns 2
a: Berserk, Trog's Hand, Brothers in Arms, Burn Spellbooks, Renounce Religion


You were on level 9 of the Dungeon.
You worshipped Trog.
Trog was extremely pleased with you.
You were not hungry.

You visited 1 branch of the dungeon, and saw 9 of its levels.

You collected 507 gold pieces.
You spent 42 gold pieces at shops.

Inventory:

Hand Weapons
 a - a +2 antimagic falchion
 b - a +0 scimitar of flaming (weapon)
Armour
 f - a +0 plate armour (worn)
 h - a +0 cloak (worn)
 G - a +0 pair of gloves (worn)
Jewellery
 k - a +5 ring of evasion (left hand)
 l - an amulet of resist mutation (around neck)
Wands
 r - a wand of frost (13)
 u - a wand of magic darts (34)
 v - a wand of fire (4)
 C - a wand of digging (12)
 L - a wand of teleportation (4)
 Q - a wand of cold (11)
Scrolls
 d - 2 scrolls of amnesia {unknown}
 e - 2 scrolls of blinking {unknown}
 g - 2 scrolls of immolation {unknown}
 j - 2 scrolls of recharging {unknown}
 n - 2 scrolls of magic mapping {unknown}
 p - a scroll of remove curse
 q - 3 scrolls of enchant weapon {unknown}
 t - a scroll of teleportation {unknown}
 x - a scroll of noise {unknown}
 y - a scroll of enchant armour {unknown}
 D - a scroll of random uselessness {unknown}
 I - 2 scrolls of fear {unknown}
 O - a scroll of vulnerability {unknown}
 P - a scroll of silence {unknown}
Potions
 i - 3 potions of brilliance
 m - 3 potions of lignification
 o - a potion of magic
 w - 4 potions of might {unknown}
 B - 6 potions of curing {unknown}
 F - 3 potions of resistance
 K - 2 potions of agility {unknown}
Books
 E - a book of Spatial Translocations

   Spells                             Type                      Level
   a - Apportation                    Translocation                1
   b - Blink                          Translocation                2
   c - Shroud of Golubria             Charms/Translocation         2
   d - Portal Projectile              Translocation                3
   e - Teleport Other                 Translocation                3
   f - Passage of Golubria            Translocation                4
   Trog disapproves of the use of such an item.
 N - a book of Maledictions

   Spells                             Type                      Level
   a - Corona                         Hexes                        1
   b - Ensorcelled Hibernation        Hexes/Ice                    2
   c - Confuse                        Hexes                        3
   d - Tukima's Dance                 Hexes                        3
   e - Dazzling Spray                 Conjuration/Hexes            3
   Trog disapproves of the use of such an item.
Comestibles
 c - 7 bread rations
 s - 2 meat rations
 A - 4 slices of pizza
 J - 8 beef jerkies
 M - 4 fruits


   Skills:
 + Level 15.7 Fighting
 - Level 14.7 Long Blades
 - Level 10.4 Armour
 - Level 2.1 Dodging


You had 11 spell levels left.
You didn't know any spells.

Dungeon Overview and Level Annotations

Branches:
Dungeon (9/15)             Temple (0/1) D:6            Lair (0/8) D:8
    Orc: D:9-12

Altars:
Ashenzari
Dithmenos
Elyvilon
Kikubaaqudgha
Nemelex Xobeh
Okawaru
Ru
Sif Muna
Trog
Xom
Zin
The Shining One

Shops:
D:5 ?


Innate Abilities, Weirdness & Mutations

You reflexively headbutt those who attack you in melee.
You have a pair of horns on your head.


Message History

You barely miss the killer bee.
The killer bee is severely wounded.
You feel sick. The killer bee completely misses you.
You miss the killer bee.
The killer bee is severely wounded.
You feel sick. The killer bee misses you. You furiously retaliate!
You headbutt the killer bee!!
You kill the killer bee!
Trog accepts your kill. The killer bee stings you!
* * * LOW HITPOINT WARNING * * *
You slash the killer bee! You burn the killer bee.
Your headbutt misses the killer bee.
The killer bee is severely wounded.
You feel sick. The killer bee stings you.
* * * LOW HITPOINT WARNING * * *
You slice the killer bee!! You burn the killer bee.
You kill the killer bee!
Trog accepts your kill.
You die...

.....# #%...%%.# .....#
+.......# .....# #.%†....#
##'### #†# ##.# #.## ...# #.y#
.### ##y# '### #†# ...#
######@############### ..##
#.......##...........# .#####
#.#####.##.###.#####.# .###.##
#.#...##...#.#...#.# ###._.#
#.###.#..#.###.#.#.# ####.######
#...#..>.#...#...#.#
..........#####.#.##.###.#.###.#
....#....###....#.##...#...#...#
#..###..## ##.##############'###


You could see a queen bee and a killer bee (berserk).

Vanquished Creatures
  Erica (D:9)
  The ghost of MirrMurr the Covert, a novice SpEn of Ashenzari (D:8)
  An elephant (D:8)
  Joseph (D:7)
  The ghost of Dickchan the Archer, a novice CeHu of Okawaru (D:5)
  A two-headed ogre (D:7)
  A wyvern (D:8)
  A yak (D:8)
  A hippogriff (D:8)
  3 ice beasts (D:7)
  2 water moccasins
  The ghost of grizfap the Skirmisher, an amateur DrBe of Trog (D:3)
  2 sky beasts
  An orc warrior (D:6)
  An eye of draining (D:5)
  2 phantoms
  3 black bears
  4 ogres
  2 big kobolds (D:8)
  4 centaurs
  2 giant frogs (D:8)
  2 scorpions
  23 killer bees (D:9)
  3 crimson imps
  A centaur zombie (D:7)
  A quasit (D:9)
  2 jellies
  3 giant frog skeletons
  Crazy Yiuf (D:4)
  6 orc priests
  6 orc wizards
  Ijyb (D:2)
  3 hounds
  Jessica (D:2)
  2 centaur skeletons
  Natasha (thrice) (D:2)
  2 iguanas (D:8)
  8 worker ants
  2 sheep (D:7)
  A hound zombie (D:7)
  14 adders
  3 gnolls (D:4)
  2 shadow imps
  An ooze (D:2)
  3 worms
  3 adder skeletons
  6 giant geckos
  25 orcs
  7 goblins
  5 hobgoblins
  9 jackals
  4 quokkas
  2 ball pythons
  6 bats
  5 giant cockroaches
  A giant gecko zombie (D:5)
  8 giant newts
  A jackal zombie (D:5)
  10 kobolds
  3 rats (D:1)
225 creatures vanquished.

Notes
Turn   | Place    | Note
--------------------------------------------------------------
     0 | D:1      | Kloppie the Minotaur Berserker began the quest for the Orb.
     0 | D:1      | Reached XP level 1. HP: 19/19 MP: 0/0
   160 | D:1      | Reached skill level 4 in Long Blades
   165 | D:1      | Reached XP level 2. HP: 17/27 MP: 1/1
   692 | D:2      | Found an ancient bone altar of Kikubaaqudgha.
   770 | D:2      | Noticed Ijyb
   777 | D:2      | Noticed Jessica
   790 | D:2      | Killed Ijyb
   790 | D:2      | Reached ** piety under Trog
   790 | D:2      | Reached XP level 3. HP: 30/34 MP: 2/2
   797 | D:2      | Killed Jessica
   797 | D:2      | Reached skill level 5 in Long Blades
   797 | D:2      | Reached XP level 4. HP: 31/41 MP: 3/3
   975 | D:2      | Noticed Natasha
   983 | D:2      | Killed Natasha
   983 | D:2      | Reached skill level 5 in Fighting
  1092 | D:2      | Noticed Natasha
  1104 | D:2      | Killed Natasha
  1170 | D:2      | Noticed Natasha
  1176 | D:2      | Killed Natasha
  1478 | D:3      | Found a sparkling altar of Nemelex Xobeh.
  1478 | D:3      | Noticed grizfap's ghost (amateur DrBe)
  1490 | D:3      | Killed grizfap's ghost
  1490 | D:3      | Reached skill level 6 in Long Blades
  1490 | D:3      | Reached XP level 5. HP: 50/50 MP: 4/4
  1598 | D:3      | Found a white marble altar of Elyvilon.
  1854 | D:3      | Reached XP level 6. HP: 41/57 MP: 5/5
  2085 | D:3      | Noticed an ogre
  2086 | D:3      | Found a shattered altar of Ashenzari.
  2095 | D:3      | Killed an ogre
  2095 | D:3      | Reached skill level 7 in Long Blades
  2116 | D:3      | Found a sacrificial altar of Ru.
  2759 | D:4      | Reached *** piety under Trog
  2775 | D:4      | Found a bloodstained altar of Trog.
  2874 | D:4      | Found a glowing silver altar of Zin.
  2896 | D:4      | Reached XP level 7. HP: 61/66 MP: 6/6
  3366 | D:4      | Noticed Crazy Yiuf
  3371 | D:4      | Killed Crazy Yiuf
  3473 | D:4      | Reached skill level 8 in Fighting
  3592 | D:5      | Entered Level 5 of the Dungeon
  3620 | D:5      | Found a shimmering altar of Xom.
  3722 | D:5      | Reached XP level 8. HP: 66/75 MP: 2/7
  3726 | D:5      | Got a warped ring mail
  3739 | D:5      | Found Naapoo's Magic Scroll Shoppe.
  3775 | D:5      | Noticed Dickchan's ghost (novice CeHu)
  3800 | D:5      | Killed Dickchan's ghost
  3800 | D:5      | Reached skill level 9 in Fighting
  3857 | D:5      | Bought a scroll of remove curse for 42 gold pieces
  4188 | D:6      | Found an iron altar of Okawaru.
  4194 | D:6      | Reached **** piety under Trog
  4242 | D:6      | Reached skill level 10 in Fighting
  4262 | D:6      | Reached skill level 10 in Long Blades
  4653 | D:6      | Reached XP level 9. HP: 83/86 MP: 2/8
  4725 | D:6      | Found a staircase to the Ecumenical Temple.
  4892 | D:6      | Found a deep blue altar of Sif Muna.
  5190 | D:7      | Reached skill level 11 in Fighting
  5311 | D:7      | Noticed Joseph
  5333 | D:7      | Killed Joseph
  5502 | D:7      | Received a gift from Trog
  5802 | D:8      | Noticed MirrMurr's ghost (novice SpEn)
  5806 | D:8      | Reached skill level 12 in Fighting
  6013 | D:8      | Killed MirrMurr's ghost
  6045 | D:8      | Reached XP level 10. HP: 94/99 MP: 3/9
  6081 | D:8      | Found a staircase to the Lair.
  6081 | D:8      | Noticed an elephant
  6097 | D:8      | Killed an elephant
  6479 | D:8      | Reached skill level 13 in Fighting
  6550 | D:8      | Identified the +1 ring mail of Luiqei {rC++} (You found it on level 5 of the Dungeon)
  6732 | D:8      | Reached skill level 14 in Fighting
  6732 | D:8      | Reached XP level 11. HP: 107/111 MP: 3/10
  6733 | D:8      | Reached skill level 10 in Armour
  6733 | D:8      | Reached XP level 12. HP: 114/118 MP: 3/11
  6843 | D:9      | Reached skill level 15 in Fighting
  6886 | D:9      | Found a shadowy altar of Dithmenos.
  6936 | D:9      | Found a glowing golden altar of the Shining One.
  7024 | D:9      | Noticed Erica
  7036 | D:9      | Killed Erica
  7036 | D:9      | Reached ***** piety under Trog
  7299 | D:9      | HP: 7/183 [killer bee (9)]
  7300 | D:9      | HP: 1/183 [killer bee (6)]
  7301 | D:9      | Succumbed to a killer bee's poison

Action                   |  1- 3 |  4- 6 |  7- 9 | 10-12 || total
-------------------------+-------+-------+-------+-------++-------
Melee: Falchion          |    63 |   163 |   377 |   141 ||   744
       Scimitar          |       |       |       |    75 ||    75
Invok: Trog's Hand       |       |     2 |     5 |     3 ||    10
       Berserk           |       |     2 |     3 |     2 ||     7
       Brothers in Arms  |       |       |       |     1 ||     1
  Use: Scroll            |       |     3 |     1 |     5 ||     9
       Potion            |       |       |     1 |     3 ||     4
  Eat: Chunk             |       |     9 |    14 |     4 ||    27
       Bread ration      |       |       |       |     1 ||     1
